 Dungeon Crawl Stone Soup version 0.28-a0-938-gbc3f381ebc (webtiles) character file.

Game seed: 9459856034249150384

186 Hipnos the Magician (level 5, -5/38 HPs)
             Began as a Djinni Ice Elementalist on Nov 28, 2021.
             Slain by a mummy (7 damage)
             ... in an ossuary.
             The game lasted 00:11:12 (5168 turns).

Hipnos the Magician (Djinni Ice Elementalist)       Turns: 5168, Time: 00:11:18

Health: -5/38      AC: 12    Str:  7    XL:     5   Next: 98%
Gold:   122        EV: 12    Int: 17    God:
                   SH:  0    Dex: 14

rFire   + + .      SeeInvis .   n - staff of conjuration
rCold   x . .      Faith    .   (no shield)
rNeg    . . .      Spirit   .   a - +0 robe
rPois   ∞          Reflect  .   (no helmet)
rElec   .          Harm     .   (no cloak)
rCorr   .          Rampage  .   (no gloves)
Will    .....                   (boots unavailable)
Stlth   ++........              e - amulet of the acrobat
HPRegen 0.12/turn               b - ring of wizardry
MPRegen 0.00/turn               g - +4 ring of protection

@: ice-armoured, marked, freezing walls, flying
A: sickness immunity, fire resistance 2, cold vulnerability 1, float, innate
caster, hp casting, extra vitality 1
a: no special abilities


You were in an ossuary.
You visited 1 branch of the dungeon, and saw 4 of its levels.
You also visited: Ossuary.

You collected 122 gold pieces.

Inventory:

Hand Weapons
 f - a +1 dagger of speed
Armour
 a - a +0 robe (worn)
Magical Staves
 n - a staff of conjuration (weapon)
Jewellery
 b - a ring of wizardry (left hand)
 e - an amulet of the acrobat (around neck)
 g - a +4 ring of protection (right hand)
Wands
 j - a wand of iceblast (1)
Scrolls
 i - a scroll of torment
Potions
 k - a potion of mutation
 m - a potion of cancellation


   Skills:
 * Level 2.2 Fighting
 - Level 0.2 Short Blades
 - Level 0.6 Staves
 + Level 2.8 Dodging
 - Level 1.5 Stealth
 + Level 4.5 Spellcasting


You couldn't memorise any spells.
You knew the following spells:

 Your Spells              Type           Power      Damage    Failure   Level
a - Freeze                Ice            76%        1d9       1%          1
b - Frozen Ramparts       Ice            38%        1d5       2%          3
c - Ozocubu's Armour      Ice            19%        N/A       2%          3
d - Hailstorm             Conj/Ice       29%        3d8       9%          4
e - Apportation           Tloc           38%        N/A       1%          1
f - Static Discharge      Conj/Air       29%        N/A       1%          2
Your spell library was empty.

Dungeon Overview and Level Annotations

Branches:
Dungeon (4/15)            Ossuary (1/1)
 Temple: D:4-7

Altars:
Yredelemnul

Shops:
D:1 [


Innate Abilities, Weirdness & Mutations

You are immune to sickness and miasma.
You are immune to poison.
Your flesh is very heat resistant. (rF++)
You are vulnerable to cold. (rC-)
You float through the air rather than walking.
You learn spells naturally, not from books.
Your magical power is your life essence.
You have superior vitality. (+4 HP)


Message History

The rat zombie resists.
The wall freezes the rat zombie.
You destroy the rat zombie!
You hit the mummy.
The mummy is heavily damaged.
The mummy resists.
The wall freezes the mummy.
The mummy hits you!
The kobold zombie completely resists.
The wall freezes the kobold zombie but does no damage.
You hit the mummy.
The mummy is severely damaged.
The mummy resists.
The wall freezes the mummy.
The mummy hits you.
The mummy resists.
The wall freezes the mummy.
You hit the mummy.
You destroy the mummy!
The frozen ramparts melt away.
Casting: Frozen Ramparts (dangerous; 2% risk of failure)
Confirm with . or Enter, or press ? or * to list all spells.
Casting: Frozen Ramparts (dangerous; 2% risk of failure)
Press: ? - help, Dir - look around, f - activate The walls around you are covered in ice.
The rat zombie resists.
The wall freezes the rat zombie.
The kobold zombie resists.
The wall freezes the kobold zombie.
You hit the mummy but do no damage.
The mummy is lightly damaged.
The mummy resists.
The wall freezes the mummy.
The mummy hits you!
* * * LOW HITPOINT WARNING * * *
The rat zombie resists.
The wall freezes the rat zombie.
The rat zombie misses you.
Okay, then.
Okay, then.
You hit the mummy.
The mummy is moderately damaged.
The kobold zombie completely resists.
The wall freezes the kobold zombie but does no damage.
You hit the mummy but do no damage.
The mummy is moderately damaged.
The rat zombie resists.
The wall freezes the rat zombie.
The rat zombie closely misses you.
The kobold zombie resists.
The wall freezes the kobold zombie.
The mummy resists.
The wall freezes the mummy.
The mummy hits you!
You die...

..##..## ##..##..## .##..##
..##..##..## ##..## #..##..##..##
#..## #..##..##^.## ..##
#..##..##..## .## #..##..##..##
## #.Z##..##..## # #MZ##..##..##
#@.##..##..## ##..##..##..##
##..##..##..## ##..##..##..##
####################..##..##..##
.......................##..##..##
##########################..##..#
.............................##∩∩
#################################


You could see a mummy, a rat zombie and a kobold zombie.

Vanquished Creatures
  A jelly (D:4)
  A mummy (Ossuary)
  3 adders
  4 worms
  An orc (D:3)
  5 ball pythons
  11 bats
  10 endoplasms
  3 giant cockroaches
  7 goblins
  5 hobgoblins
  4 jackals (D:1)
  A quokka (D:2)
  2 frilled lizards (D:1)
  3 gnoll zombies (Ossuary)
  3 goblin skeletons (Ossuary)
  3 goblin zombies (Ossuary)
  A hobgoblin skeleton (Ossuary)
  4 hobgoblin zombies (Ossuary)
  8 kobolds
  5 kobold skeletons (Ossuary)
  2 kobold zombies (Ossuary)
  6 orc skeletons (Ossuary)
  3 orc zombies (Ossuary)
  9 rats
  7 rat skeletons (Ossuary)
  2 rat zombies (Ossuary)
114 creatures vanquished.

Notes
Turn   | Place    | Note
-------+----------+-------------------------------------------
     0 | D:1      | Hipnos the Djinni Ice Elementalist began the quest for the
                  | Orb.
     0 | D:1      | Reached XP level 1. HP: 15/15 MP: 0/0
   137 | D:1      | Found Xyot's Antique Armour Shop.
   289 | D:1      | Reached XP level 2. HP: 20/21 MP: 0/0
   975 | D:1      | Reached XP level 3. HP: 15/26 MP: 0/0
   975 | D:1      | Learned a level 1 spell: Apportation
  1136 | D:1      | Reached skill level 1 in Fighting
  2471 | D:2      | Found a basalt altar of Yredelemnul.
  2513 | D:2      | Reached XP level 4. HP: 17/32 MP: 0/0
  2669 | D:2      | Reached skill level 4 in Spellcasting
  3685 | D:3      | Found a faded altar of an unknown god.
  3755 | D:3      | Reached XP level 5. HP: 13/38 MP: 0/0
  3755 | D:3      | Learned a level 2 spell: Static Discharge
  4474 | D:4      | Found a sand-covered staircase.
  4479 | Ossuary  | Entered an ossuary
  5168 | Ossuary  | Slain by a mummy

Illustrated notes

Levels and vault maps discovered:
D:1:      dpeg_arrival_more_subterranean_lakeside_camping, layout_loops_corners,
          serial_shops, shop, serial_park_tiny_1
D:2:      layout_basic, basic_altar, minmay_misc_feat_plants
D:3:      layout_basic, hellmonk_ecumenical_altar_slurped_away,
          dk_noncrumbling_2, st_stairs_5
D:4:      layout_cave_pools, trog_book,
          chequers_temple_overflow_statue_of_worship,
          nicolae_ossuary_entry_false_entrances, uniq_sigmund
Ossuary:  ossuary_due_pyramid

Skill      XL: |  1  2  3  4  5 |
---------------+----------------+-----
Fighting       | 1 2 |  2.2
Spellcasting   | 4 |  4.5
Short Blades   | |  0.2
Staves         | |  0.6
Dodging        | |  2.8
Stealth        | |  1.5

Action                   |  1- 3 |  4- 6 || total
-------------------------+-------+-------++-------
Melee: Unarmed           |    15 |       ||    15
       Dagger            |     7 |     5 ||    12
       Staff             |       |   181 ||   181
 Cast: Freeze            |    58 |    48 ||   106
       Frozen Ramparts   |     4 |    12 ||    16
       Ozocubu's Armour  |     2 |     8 ||    10
Evoke: Wand              |       |     2 ||     2
  Use: Scroll            |       |     6 ||     6
 Stab: Sleeping          |       |     1 ||     1
Armor: Robe              |    12 |    84 ||    96
Dodge: Dodged            |    44 |   144 ||   188

Table legend: (Time is in decaauts)
 A = Elapsed time spent in this place.
 B = Non-inter-level travel time spent in this place.
 C = Inter-level travel time spent in this place.
 D = Time resting spent in this place.
 E = Time spent auto-exploring this place.
 F = Levels seen in this place.
 G = Mean time per level.
                   A        B        C        D        E       F      G
               +--------+--------+--------+--------+--------+-----+--------+
         Total |   5192 |   5134 |     58 |      0 |   4017 |   5 | 1038.4 |
       Dungeon |   4474 |   4416 |     58 |      0 |   3929 |   4 | 1118.5 |
       Ossuary |    718 |    718 |      0 |      0 |     88 |   1 |  718.0 |
               +--------+--------+--------+--------+--------+-----+--------+

Top non-repeatable levels by time:
     D:1: 1916 daAuts
     D:3: 1313 daAuts
     D:2: 1174 daAuts
 Ossuary: 718 daAuts
     D:4: 69 daAuts
